 Dungeon Crawl Stone Soup version 0.29-a0-275-g389c0b56f3 (webtiles) character file.

Game seed: 10145470605113389775

11909 avis the Grappler (level 11, -3/112 HPs)
             Began as a Hill Orc Transmuter on Mar 13, 2022.
             Was a Priest of Beogh.
             Slain by an eight-headed hydra (12 damage)
             ... on level 1 of the Lair of Beasts.
             The game lasted 01:37:48 (17961 turns).

avis the Grappler (Hill Orc Transmuter)            Turns: 17961, Time: 01:37:49

Health: -3/112     AC:  7    Str: 20    XL:     11   Next: 85%
Magic:  14/18      EV: 10    Int: 17    God:    Beogh [***...]
Gold:   142        SH:  0    Dex: 11    Spells: 4/20 levels left

rFire   x . .      SeeInvis .     - Unarmed
rCold   + + +      Faith    .   (shield currently unavailable)
rNeg    . . .      Spirit   .   (body armour currently unavailable)
rPois   +          Reflect  .   (helmet currently unavailable)
rElec   .          Harm     .   (cloak currently unavailable)
rCorr   .          Rampage  .   (gloves currently unavailable)
Will    +....                   (boots currently unavailable)
Stlth   +.........              k - amulet of the acrobat
HPRegen 0.28/turn               d - ring of willpower
MPRegen 0.16/turn               K - +6 ring of strength

@: ice-form
A: freezing attack, amphibious, boosted hp, large, (hooves 1), (iridescent
scales 1)
a: End Transformation, Renounce Religion, Smiting


You were on level 1 of the Lair of Beasts.
You worshipped Beogh.
Beogh was most pleased with you.
You were a creature of crystalline ice.
You visited 3 branches of the dungeon, and saw 12 of its levels.

You collected 570 gold pieces.
You spent 428 gold pieces at shops.

Inventory:

Hand Weapons
 f - a +0 spear
 g - a +0 spear
 m - a +0 shortbow
 w - a +0 hand crossbow
 x - a +0 short sword of protection
 D - a +0 halberd
 E - a +2 whip of flaming
 H - a +0 trident
 S - a +0 halberd
 T - a +0 halberd
 U - a +0 halberd
 V - a +0 hunting sling
 W - a +0 shortbow
 X - a +0 shortbow
 Y - a +0 shortbow
 Z - a +0 shortbow
Missiles
 j - 47 poisoned darts
 r - 7 curare-tipped darts
 C - 4 throwing nets
Armour
 e - a +0 pair of boots (melded)
 y - a +0 troll leather armour
 A - a +2 hat (melded)
 B - the +0 pair of boots of Haenan {Slay+2}
   (You bought it in a shop on level 1 of the Dungeon)

   Slay:      It affects your accuracy & damage with ranged weapons and melee
   (+2).
 F - a +0 buckler
 G - a +0 cloak (melded)
 P - a +0 chain mail
 Q - a +0 chain mail
 R - +1 steam dragon scales (melded)
Magical Staves
 I - a staff of fire
Jewellery
 d - a ring of willpower (left front paw)
 k - an amulet of the acrobat (around neck)
 n - a ring of protection from cold
 K - a +6 ring of strength (right front paw)
Wands
 l - a wand of acid (9)
 J - a wand of charming (16)
 L - a wand of iceblast (13)
 M - a wand of flame (20)
Scrolls
 b - a scroll of holy word
 c - a scroll of fog
 h - 2 scrolls of blinking
 q - 2 scrolls of identify
 t - 7 scrolls of teleportation
 u - a scroll of enchant weapon
 N - a scroll of torment {unknown}
Potions
 a - a potion of brilliance
 i - 4 potions of curing
 o - 2 potions of lignification
 p - 3 potions of flight
 s - a potion of might {unknown}
 v - 3 potions of invisibility
 z - 2 potions of magic
 O - a potion of ambrosia {unknown}


   Skills:
 - Level 8.0 Fighting
 * Level 3.6 Dodging
 - Level 4.0 Shields
 - Level 11.0 Unarmed Combat
 - Level 5.0 Spellcasting
 - Level 3.0 Translocations
 - Level 7.0 Transmutations
 - Level 4.0 Ice Magic
 - Level 3.0 Earth Magic
 - Level 2.0 Poison Magic
 - Level 4.0 Invocations


You had 4 spell levels left.
You knew the following spells:

 Your Spells              Type           Power      Damage    Failure   Level
a - Beastly Appendage     Tmut           56%        N/A       1%          1
b - Blink                 Tloc           28%        N/A       6%          2
p - Spider Form           Tmut/Pois      19%        N/A       7%          3
q - Ice Form              Ice/Tmut       22%        N/A       14%         4
S - Statue Form           Tmut/Erth      14%        N/A       95%         6

Your spell library contained the following spells:

 Spells                   Type           Power      Damage    Failure   Level
 Wereblood                Tmut           28%        N/A       1%          2
 Frozen Ramparts          Ice            34%        1d5       9%          3
 Ensorcelled Hibernation  Hex/Ice        22%        N/A       10%         2
 Lesser Beckoning         Tloc           14%        N/A       12%         3
 Magic Dart               Conj           16%        1d3       14%         1
 Pain                     Necr           16%        1d4       14%         1
 Shock                    Conj/Air       16%        1d4       14%         1
 Petrify                  Tmut/Erth      21%        N/A       19%         4
 Searing Ray              Conj           8%         2d4       22%         2
 Stone Arrow              Conj/Erth      18%        3d8       22%         3
 Swiftness                Air            4%         N/A       38%         3
 Tukima's Dance           Hex            4%         N/A       38%         3
 Passage of Golubria      Tloc           14%        N/A       38%         4
 Olgreb's Toxic Radiance  Pois           11%        N/A       52%         4
 Summon Ice Beast         Ice/Summ       11%        N/A       52%         4
 Animate Armour           Summ/Erth      18%        N/A       58%         4
 Airstrike                Air            2%         N/A       80%         4
 Anguish                  Hex/Necr       2%         N/A       80%         4
 Fulminant Prism          Conj/Hex       2%         3d6       80%         4
 Summon Lightning Spire   Summ/Air       4%         N/A       80%         4
 Yara's Violent Unravell  Hex/Tmut       8%         3d5       67%         5
 Manifold Assault         Tloc           14%        N/A       75%         5
 Metabolic Englaciation   Hex/Ice        5%         N/A       86%         5
 Agony                    Necr           4%         N/A       98%         5
 Excruciating Wounds      Necr           2%         N/A       98%         5
 Ozocubu's Refrigeration  Ice            8%         4d6       100%        7
 Storm Form               Tmut/Air       8%         N/A       100%        7
 Ignition                 Fire           2%         3d3       100%        8
 Lehudib's Crystal Spear  Conj/Erth      4%         10d3      100%        8
 Maxwell's Capacitive Co  Air            2%         ∞         100%        8


Dungeon Overview and Level Annotations

Branches:
Dungeon (10/15)            Temple (1/1) D:7            Lair (1/6) D:9
    Orc: D:9-12

Altars:
Ashenzari
Cheibriados
Dithmenos
Elyvilon
Fedhas
Gozag
Hepliaklqana
Kikubaaqudgha
Makhleb
Nemelex Xobeh
Okawaru
Qazlal
Ru
Sif Muna
Trog
Uskayaw
Vehumet
Wu Jian
Xom
Yredelemnul
Zin
The Shining One

Shops:
D:1 [   D:3 (   D:7 ?


Innate Abilities, Weirdness & Mutations

You are a creature of crystalline ice.
You have a powerful freezing melee attack.
You are amphibious.
Your maximum health is increased.
Your armour is entirely melded.
You are incapable of wielding weapons or throwing items.
((You have large cloven feet.))
((You are partially covered in iridescent scales. (AC +2)))


Message History

There is a staircase to the Lair here.
The blink frog blinks!
The blink frog hits you.
You pummel the blink frog!!
The blink frog seems to slow down.
You freeze the blink frog.
You kill the blink frog!
Beogh accepts your kill.
You start resting.
Magic restored.
You start resting.
Your transformation is almost over.
You warm up again.
Your +0 cloak unmelds from your body.
Your +2 hat unmelds from your body.
Your +0 pair of boots unmelds from your body.
Your +1 steam dragon scales unmelds from your body.
You start resting.
HP restored.
Casting: Ice Form (dangerous; 14% risk of failure)
Confirm with . or Enter, or press ? or * to list all spells.
You turn into a creature of crystalline ice.
Your +0 cloak melds into your body.
Your +2 hat melds into your body.
Your +0 pair of boots melds into your body.
Your +1 steam dragon scales melds into your body.
You climb downwards.
Welcome back to the Lair of Beasts!
The blink frog blinks!
The blink frog hits you!
The blink frog blinks!
The eight-headed hydra bites you. x3
The eight-headed hydra closely misses you.
The eight-headed hydra bites you!
The eight-headed hydra bites you but does no damage.
The eight-headed hydra bites you! x2
A water moccasin comes into view.
The eight-headed hydra bites you! The eight-headed hydra bites you. x2
The eight-headed hydra bites you!
* * * LOW HITPOINT WARNING * * *
The eight-headed hydra bites you!
* * * LOW HITPOINT WARNING * * *
The eight-headed hydra bites you but does no damage.
The eight-headed hydra bites you!
* * * LOW HITPOINT WARNING * * *
The eight-headed hydra bites you!
You die...

.. ......
..#....#
.#....# .
.....## ...
#....P
....#....#
S......§.#
#.F§Y.#
......DF.#
...........
.#.#.#.#.....
#....(.
.......
#.####.
....... # ..
....... ..
.......


You could see an eight-headed hydra, 2 blink frogs and a water moccasin
(wandering).

Vanquished Creatures
  A two-headed ogre (D:10)
  A manticore (D:6)
  A kobold demonologist (D:6)
  Maggie (D:6)
  A komodo dragon (D:10)
  A troll (D:9)
  3 blink frogs (D:9)
  A wraith (D:10)
  17 yaks
  2 wyverns
  2 steam dragons
  2 vampire mosquitoes (D:10)
  A warg (D:6)
  2 water moccasins
  A sky beast (D:7)
  An ice beast (D:6)
  4 orc warriors
  A black bear (D:6)
  9 ogres
  4 wolves (D:9)
  5 centaurs
  3 phantoms
  8 kobold brigands
  2 necrophages
  A bullfrog (D:9)
  7 gnoll sergeants
  A scorpion (D:4)
  4 wights (D:8)
  3 electric eels (D:9)
  8 howler monkeys (D:6)
  2 gnoll shamans
  15 hounds
  A jelly (D:6)
  4 orc priests
  3 iguanas
  12 orc wizards
  35 gnolls
  6 adders
  A shadow imp (D:4)
  An ufetubus (D:5)
  2 worms
  4 dart slugs
  18 orcs
  7 bats
  7 endoplasms
  5 giant cockroaches
  6 goblins
  10 hobgoblins
  24 kobolds
  3 quokkas
  5 ball pythons
  2 frilled lizards
  8 rats
279 creatures vanquished.

Vanquished Creatures (others)
  An orc priest (D:6)
  3 orcs
  2 plants
6 creatures vanquished.

Grand Total: 285 creatures vanquished

Notes
Turn   | Place    | Note
-------+----------+-------------------------------------------
     0 | D:1      | avis the Hill Orc Transmuter began the quest for the Orb.
     0 | D:1      | Reached XP level 1. HP: 16/16 MP: 3/3
   269 | D:1      | Reached XP level 2. HP: 25/25 MP: 2/4
   370 | D:1      | Found Taoten's Armour Shop.
   570 | D:1      | Reached XP level 3. HP: 27/31 MP: 3/5
   574 | D:1      | Learned a level 3 spell: Spider Form
  1293 | D:2      | Reached skill level 4 in Unarmed Combat
  1578 | D:2      | Reached skill level 1 in Poison Magic
  1892 | D:2      | Reached XP level 4. HP: 38/38 MP: 6/6
  2309 | D:3      | Found Vyeziuc's Weapon Boutique.
  2628 | D:3      | Reached XP level 5. HP: 26/45 MP: 1/7
  3699 | D:4      | Noticed a phantom
  3834 | D:4      | Killed a phantom
  3835 | D:4      | Reached skill level 5 in Unarmed Combat
  3835 | D:4      | Reached XP level 6. HP: 25/51 MP: 4/9
  4883 | D:1      | Bought the +0 pair of boots of Haenan {Slay+2} for 218 gold
                  | pieces
  5351 | D:4      | Learned a level 2 spell: Blink
  5435 | D:5      | Entered Level 5 of the Dungeon
  6003 | D:4      | Learned a level 4 spell: Ice Form
  6005 | D:5      | Noticed a water moccasin
  6024 | D:5      | Killed a water moccasin
  6025 | D:5      | Reached XP level 7. HP: 13/59 MP: 5/11
  6437 | D:5      | Reached skill level 6 in Unarmed Combat
  7175 | D:5      | Reached skill level 7 in Unarmed Combat
  7175 | D:5      | Reached skill level 1 in Ice Magic
  7454 | D:5      | Found an iron altar of Okawaru.
  7852 | D:5      | Reached XP level 8. HP: 66/66 MP: 9/12
  8017 | D:6      | Noticed Maggie
  8032 | D:6      | Reached skill level 5 in Fighting
  8039 | D:6      | Killed Maggie
  8507 | D:6      | Reached skill level 8 in Unarmed Combat
  8516 | D:6      | Reached XP level 9. HP: 11/74 MP: 10/13
  8902 | D:6      | Reached skill level 9 in Unarmed Combat
  9523 | D:6      | Noticed a kobold demonologist
  9698 | D:6      | Killed a kobold demonologist
 10242 | D:6      | Gained mutation: Potions are less effective at restoring
                  | your health. [mutagenic glow]
 10249 | D:6      | Reached skill level 10 in Unarmed Combat
 10250 | D:6      | Gained mutation: You tend to lose your temper in combat.
                  | [mutagenic glow]
 10436 | D:6      | Noticed a manticore
 10443 | D:6      | Killed a manticore
 10444 | D:6      | Reached XP level 10. HP: 83/83 MP: 12/16
 10462 | D:6      | Lost mutation: You tend to lose your temper in combat.
                  | [potion of mutation]
 10462 | D:6      | Lost mutation: Potions are less effective at restoring your
                  | health. [potion of mutation]
 10462 | D:6      | Gained mutation: You have large cloven feet. [potion of
                  | mutation]
 10462 | D:6      | Gained mutation: You are partially covered in iridescent
                  | scales. (AC +2) [potion of mutation]
 10592 | D:6      | Became a worshipper of Beogh the Brigand
 10603 | D:6      | Reached skill level 11 in Unarmed Combat
 11335 | D:7      | Found Lyijeani's Magic Scroll Shop.
 11352 | D:7      | Reached skill level 1 in Invocations
 11579 | D:6      | Reached * piety under Beogh
 12298 | D:7      | Found a staircase to the Ecumenical Temple.
 12307 | Temple   | Entered the Ecumenical Temple
 12581 | Temple   | Identified a scroll of acquirement
 12581 | Temple   | Acquired a book of Sloth
 12614 | D:7      | Bought a scroll of enchant weapon for 75 gold pieces
 12614 | D:7      | Bought a scroll of holy word for 75 gold pieces
 12614 | D:7      | Bought a scroll of identify for 20 gold pieces
 12614 | D:7      | Bought a scroll of identify for 20 gold pieces
 12614 | D:7      | Bought a scroll of identify for 20 gold pieces
 12910 | D:7      | Reached skill level 5 in Transmutations
 13220 | D:8      | Reached skill level 1 in Translocations
 14203 | D:8      | Reached ** piety under Beogh
 14218 | D:8      | Reached skill level 1 in Shields
 14438 | D:8      | Learned a level 6 spell: Statue Form
 14931 | D:9      | Reached XP level 11. HP: 94/94 MP: 12/17
 15187 | D:9      | Found a staircase to the Lair.
 15218 | D:9      | Found a transporter.
 15220 | D:9      | Found a transporter.
 15249 | D:9      | Found a transporter.
 15259 | D:9      | Found a transporter.
 15575 | D:9      | Reached skill level 5 in Spellcasting
 15757 | D:9      | Found a transporter.
 15958 | D:9      | Found a transporter.
 16077 | D:10     | Entered Level 10 of the Dungeon
 16077 | D:10     | Noticed a two-headed ogre
 16083 | D:10     | Killed a two-headed ogre
 16861 | D:10     | Reached *** piety under Beogh
 16931 | D:10     | Reached skill level 1 in Earth Magic
 17591 | Lair:1   | Entered Level 1 of the Lair of Beasts
 17591 | Lair:1   | Noticed an eight-headed hydra
 17961 | Lair:1   | Slain by an eight-headed hydra

Illustrated notes

Levels and vault maps discovered:
D:1:      dpeg_arrival_orchard, layout_basic, serial_shops, shop
D:2:      wad_river_or_something, layout_basic
D:3:      layout_basic, serial_shops, nicolae_shop_bloodbath_and_beyond,
          guppyfry_early_lair_pool
D:4:      layout_loops_cross, serial_forest, infiniplex_forest_split,
          infiniplex_forest_lined_2, infiniplex_forest_corner_1,
          infiniplex_forest_clump_small, infiniplex_forest_lined_2,
          infiniplex_forest_lined_room_, infiniplex_forest_clump_C,
          infiniplex_forest_straight_3, grunt_ministairs_10, solitary_fountain,
          minmay_cupped
D:5:      nicolae_cairo_tiling, layout_loops_ring, overflow_temple_1_default
D:6:      lemuel_castle_with_subvaults [lemuel_castle_interior_carwin_2],
          layout_basic, uniq_maggie
D:7:      layout_loops_ring, minmay_temple_entry_wispy, nicolae_stop_n_shop_2,
          skrybe_limestone_x, grunt_ministairs_13, kennysheep_path_1,
          dk_vineyard_1
D:8:      layout_loops_corners
D:9:      layout_loops_ring, erik_lair_island, statue_in_the_mist_lemuel,
          eino_tiny_chamber, serial_nicolae_subway, nicolae_sub_station_crystal,
          nicolae_sub_station_stone, nicolae_sub_station_metal
D:10:     layout_small_grid, minmay_misc_feat_doors
Temple:   mainiacjoe_temple_hex_bubbles
Lair:1:   layout_regular_city, columned_hall_lemuel, grunt_megastairs_1

Skill      XL: |  1  2  3  4  5  6  7  8  9 10 11 |
---------------+----------------------------------+-----
Fighting       | 2 3 4 5 6 8 |  8.0
Unarmed Combat | 4 5 7 8 10 11 | 11.0
Poison Magic   | 1 2 |  2.0
Transmutations | 2 4 5 7 |  7.0
Spellcasting   | 2 3 4 5 |  5.0
Dodging        | 2 3 |  3.6
Ice Magic      | 2 3 4 |  4.0
Invocations    | 4 |  4.0
Translocations | 3 |  3.0
Shields        | 2 4 |  4.0
Earth Magic    | 3 |  3.0

Action                   |  1- 3 |  4- 6 |  7- 9 | 10-12 || total
-------------------------+-------+-------+-------+-------++-------
Melee: Unarmed           |    73 |   148 |   225 |   325 ||   771
       Kick              |    13 |    12 |    33 |       ||    58
       Headbutt          |    12 |     8 |    20 |       ||    40
       Punch             |     1 |     2 |     5 |       ||     8
       Hunting sling     |       |     1 |       |       ||     1
 Fire: Hunting sling     |    24 |    53 |     3 |       ||    80
 Cast: Beastly Appendage |    18 |    12 |    22 |     1 ||    53
       Spider Form       |     5 |    24 |    17 |    11 ||    57
       Ice Form          |       |       |     4 |    39 ||    43
Invok: Convert to Beogh  |       |       |       |     1 ||     1
 Abil: End Transformatio |       |       |       |     2 ||     2
  Use: Scroll            |       |     5 |       |    12 ||    17
       Potion            |       |     4 |     2 |     1 ||     7
 Stab: Sleeping          |       |       |     1 |     1 ||     2
Armor: Robe              |    14 |       |       |       ||    14
       Leather armour    |       |     9 |     7 |       ||    16
       Skin              |       |     4 |    19 |    47 ||    70
       Steam dragon scal |       |       |     4 |     1 ||     5
Dodge: Dodged            |    61 |   115 |   142 |   186 ||   504

Table legend: (Time is in decaauts)
 A = Elapsed time spent in this place.
 B = Non-inter-level travel time spent in this place.
 C = Inter-level travel time spent in this place.
 D = Time resting spent in this place.
 E = Time spent auto-exploring this place.
 F = Levels seen in this place.
 G = Mean time per level.
                   A        B        C        D        E       F      G
               +--------+--------+--------+--------+--------+-----+--------+
         Total |  17967 |  16536 |   1431 |   5993 |   6260 |  12 | 1497.2 |
       Dungeon |  17627 |  16217 |   1410 |   5993 |   6043 |  10 | 1762.7 |
        Temple |    332 |    311 |     21 |      0 |    217 |   1 |  332.0 |
          Lair |      7 |      7 |      0 |      0 |      0 |   1 |    7.0 |
               +--------+--------+--------+--------+--------+-----+--------+

Top non-repeatable levels by time:
     D:6: 2708 daAuts
     D:5: 2529 daAuts
     D:4: 2348 daAuts
     D:9: 2097 daAuts
     D:8: 1629 daAuts
     D:3: 1506 daAuts
     D:7: 1408 daAuts
     D:2: 1389 daAuts
     D:1: 1138 daAuts
    D:10: 871 daAuts
  Temple: 332 daAuts
  Lair:1: 7 daAuts
